 Dungeon Crawl Stone Soup version 0.30-a0-3-gc9032a9cac (webtiles) character file.

Game seed: 7489888764857007808

84 BritishOli the Trooper (level 4, -3/36 HPs)
             Began as a Demonspawn Fighter on Aug 20, 2022.
             Slain by an orc
             ... wielding a +0 mace
              (6 damage)
             ... on level 3 of the Dungeon.
             The game lasted 00:01:17 (2334 turns).

BritishOli the Trooper (Demonspawn Fighter)         Turns: 2334, Time: 00:01:18

Health: -3/36      AC:  6    Str: 19    XL:     4   Next: 23%
Magic:  4/4        EV:  9    Int:  9    God:
Gold:   87         SH:  4    Dex: 12    Spells: 3/3 levels left

rFire   . . .      SeeInvis .    a - +0 long sword
rCold   . . .      Faith    .    c - +0 buckler
rNeg    . . .      Spirit   .    b - +0 scale mail
rPois   .          Reflect  .    (no helmet)
rElec   .          Harm     .    (no cloak)
rCorr   .          Rampage  .    (no gloves)
Will    .....                    (no boots)
Stlth   ..........               (no amulet)
HPRegen 0.12/turn                (no ring)
MPRegen 0.09/turn                (no ring)

@: lethally poisoned (-3 -> -5)
A: claws 1
a: no special abilities


You were on level 3 of the Dungeon.
You visited 1 branch of the dungeon, and saw 3 of its levels.

You collected 87 gold pieces.

Inventory:

Hand Weapons
 a - a +0 long sword (weapon)
Armour
 b - a +0 scale mail (worn)
 c - a +0 buckler (worn)
Jewellery
 g - a ring of resist corrosion
 k - a ring of protection from cold
Scrolls
 f - a scroll of enchant armour {unknown}
 i - 3 scrolls of butterflies {unknown}
 m - a scroll of poison {unknown}
Potions
 d - a potion of might
 e - 2 potions of brilliance {unknown}
 h - 2 potions of curing {unknown}
 j - a potion of heal wounds {unknown}
 l - a potion of degeneration {unknown}


   Skills:
 + Level 3.6 Fighting
 + Level 2.5 Long Blades
 + Level 3.3 Armour
 + Level 3.2 Shields


You had 3 spell levels left.
You didn't know any spells.
Your spell library was empty.

Dungeon Overview and Level Annotations

Branches:
Dungeon (3/15)

Altars:


Innate Abilities, Weirdness & Mutations

You have sharp fingernails.


Message History

You feel sick. The adder bites you. The adder bites you but does no damage.
There are monsters nearby!
You miss the adder.
The adder is almost dead.
You feel sick.
You are no longer poisoned.
The adder bites you.
You are poisoned.
The adder poisons you! The orc barely misses you.
You are too injured to fight recklessly!
Unknown command.
You are too injured to fight recklessly!
Unknown command.
You are too injured to fight recklessly!
Unknown command.
You are too injured to fight recklessly!
Unknown command.
You are too injured to fight recklessly!
Unknown command.
You are too injured to fight recklessly!
You closely miss the adder.
The adder is almost dead.
You feel sick. The adder closely misses you. The adder bites you.
You are more poisoned.
The adder poisons you! You block the orc's attack.
You closely miss the adder.
The adder is almost dead.
You feel sick. You block the adder's attack. The orc barely misses you.
The adder closely misses you.
You barely miss the adder.
The adder is almost dead.
You feel sick. The orc hits you with a +0 mace.
* * * LOW HITPOINT WARNING * * *
The adder bites you but does no damage.
You miss the adder.
The adder is almost dead.
You feel sick. The adder bites you.
* * * LOW HITPOINT WARNING * * *
The orc hits you with a +0 mace.
You die...

####### .. ...... ##.
.....# .S #...### o.
##S....############ #ยง
#.@..#............#
#.####o.##......######.#
#.#.#.#)........# ####.#
##### #......)........#
#....# ....##
###......####.#####.#.##
.##..##### ###.##.##
#...##..#.## .###.....#
#.##..#####.##.##... ##
#####.## ##......##
#.##.##### .#
#..###..###...###.#..#


You could see an adder and an orc.

Vanquished Creatures
  3 adders
  2 dart slugs
  3 orcs (D:3)
  7 endoplasms
  3 giant cockroaches
  4 goblins
  3 hobgoblins
  6 kobolds
  A quokka (D:1)
  3 ball pythons
  3 bats
  5 frilled lizards
  7 rats
50 creatures vanquished.

Notes
Turn   | Place    | Note
-------+----------+-------------------------------------------
     0 | D:1      | BritishOli the Demonspawn Fighter began the quest for the
                  | Orb.
     0 | D:1      | Reached XP level 1. HP: 18/18 MP: 1/1
   284 | D:1      | Gained mutation: You have sharp fingernails. [demonic
                  | ancestry]
   284 | D:1      | Reached XP level 2. HP: 24/24 MP: 2/2
  1130 | D:2      | Reached XP level 3. HP: 29/29 MP: 3/3
  1740 | D:2      | Found a faded altar of an unknown god.
  1987 | D:3      | Reached XP level 4. HP: 33/35 MP: 4/4
  2334 | D:3      | Slain by an orc

Illustrated notes

Levels and vault maps discovered:
D:1:      dpeg_arrival_connections, layout_basic, wad_floor_pattern_untrapped
D:2:      layout_rooms, hellmonk_ecumenical_altar_heavens_door
D:3:      minmay_spotlight, layout_rooms, minmay_misc_feat_square,
          small_statue_intersection

Skill      XL: |  1  2 |
---------------+-------+-----
Long Blades    | 2 |  2.5
Shields        | 3 |  3.2
Armour         | 3 |  3.3
Fighting       | |  3.6

Action                   |  1- 3 |  4- 6 || total
-------------------------+-------+-------++-------
Melee: Long sword        |   114 |    45 ||   159
Armor: Scale mail        |    52 |    26 ||    78
Dodge: Dodged            |    44 |    21 ||    65
Block: Buckler           |    18 |     9 ||    27

Table legend: (Time is in decaauts)
 A = Elapsed time spent in this place.
 B = Non-inter-level travel time spent in this place.
 C = Inter-level travel time spent in this place.
 D = Time resting spent in this place.
 E = Time spent auto-exploring this place.
 F = Levels seen in this place.
 G = Mean time per level.
                   A        B        C        D        E       F      G
               +--------+--------+--------+--------+--------+-----+--------+
         Total |   2385 |   2349 |     36 |    331 |   1665 |   3 |  795.0 |
       Dungeon |   2385 |   2349 |     36 |    331 |   1665 |   3 |  795.0 |
               +--------+--------+--------+--------+--------+-----+--------+

Top non-repeatable levels by time:
     D:2: 946 daAuts
     D:1: 863 daAuts
     D:3: 575 daAuts
